 Dungeon Crawl Stone Soup version 0.23.0-3-gf3c87f2df8 (webtiles) character file.

Game seed: 9914775527619458276

323 Kass the Conjurer (level 6, -4/36 HPs)
             Began as an Octopode Wizard on Feb 22, 2019.
             Killed from afar by an orc wizard (9 damage)
             ... with a puff of flame
             ... on level 4 of the Dungeon.
             The game lasted 00:17:57 (4783 turns).

Kass the Conjurer (Octopode Wizard)                 Turns: 4783, Time: 00:17:58

Health: -4/36      AC:  1    Str:  7    XL:     6   Next: 47%
Magic:  6/10       EV: 13    Int: 21    God:
Gold:   189        SH:  0    Dex: 11    Spells: 2/11 levels left

rFire    . . .     SeeInvis .   j - +0 spear
rCold    . . .     Gourm    .   (no shield)
rNeg     . . .     Faith    .   a - +0 hat
rPois    .         Spirit   .   o - amulet of rage
rElec    .         Reflect  .   (no ring)
rCorr    .         Harm     .   (no ring)
MR       .....                  (no ring)
Stlth    ++++......             (no ring)
HPRegen  0.12/turn              (no ring)
MPRegen  0.12/turn              (no ring)
                                (no ring)
                                (no ring)

@: very slightly contaminated
A: almost no armour, stealthy swim, amphibious, 8 rings, constrict 8, camouflage
1, gelatinous body 1
a: Evoke Berserk Rage


You were on level 4 of the Dungeon.
You were hungry.

You visited 1 branch of the dungeon, and saw 4 of its levels.

You collected 189 gold pieces.

Inventory:

Hand Weapons
 d - a +0 dagger
 j - a +0 spear (weapon)
Armour
 a - a +0 hat (worn)
Jewellery
 o - an amulet of rage (around mantle)
Wands
 p - a wand of digging (6)
 r - a wand of disintegration (19)
Scrolls
 b - 5 scrolls of teleportation {unknown}
 e - a scroll of magic mapping {unknown}
 f - 2 scrolls of remove curse {unknown}
 i - 4 scrolls of identify
 k - a scroll of enchant armour {unknown}
 n - a scroll of fog {unknown}
Potions
 g - a potion of heal wounds {unknown}
 h - a potion of might {unknown}
 l - a potion of degeneration {unknown}
Comestibles
 c - 3 rations


   Skills:
 - Level 2.0 Dodging
 + Level 5.3 Stealth
 - Level 3.0 Spellcasting
 + Level 5.5 Conjurations
 - Level 1.0 Summonings
   Level 1.0 Translocations


You had 2 spell levels left.
You knew the following spells:

 Your Spells              Type           Power        Failure   Level  Hunger
a - Magic Dart            Conj           ####         1%          1    None
b - Call Imp              Summ           #.......     13%         2    ##.....
c - Conjure Flame         Conj/Fire      ##......     13%         3    ###....
d - Mephitic Cloud        Conj/Pois/Air  ##......     19%         3    ###....

Your spell library contained the following spells:

 Spells                   Type           Power        Failure   Level  Hunger
 Blink                    Tloc           N/A          13%         2    ##.....
 Slow                     Hex            #.......     21%         2    ##.....


Dungeon Overview and Level Annotations

Branches:
Dungeon (4/15)
 Temple: D:4-7

Altars:


Innate Abilities, Weirdness & Mutations

You cannot wear most types of armour.
You are very stealthy in the water. (Stealth+)
You are amphibious.
You can wear up to eight rings at the same time.
You can use your tentacles to constrict eight enemies at once.
Your skin changes colour to match your surroundings (Stealth+).
Your rubbery body absorbs attacks. (AC +1, EV +1)


Message History

A leopard gecko comes into view.
The leopard gecko barely misses you.
The howler monkey hoots and howls with incredible vigour!
You hear an angry hiss.
You hear a shout! x2
The howler monkey hoots and howls with incredible vigour!
You hear a shout! x2
The leopard gecko barely misses you. The leopard gecko misses you.
The orc wizard shouts!
An orc comes into view. It is wielding a +0 flail.
An orc comes into view. It is wielding a +0 dagger.
The howler monkey hoots and howls with incredible vigour!
You hear a shout!
An orc wizard comes into view. It is wielding a +0 dagger.
There is a stone staircase leading up here.
The leopard gecko barely misses you.
The howler monkey hoots and howls with incredible vigour!
The orc wizard points at you and mumbles some strange words.
The puff of flame hits you!
You die...

### ... #.# ###.####
######.## #...... ....
.. #...#####.# .# #.
#..@l.h...###.# ...
#...#####.....#....
#.[................ #
#.........h........
####.#o.o#####.#.#.....
.....#.......#.#.# ###.
........###.##.#.#
....o#..### ##.#h#
....o#oh..# ..#.# #


You could see a howler monkey, 2 orc wizards, an orc and a leopard gecko.

Vanquished Creatures
  A big kobold (D:3)
  Natasha (twice) (D:2)
  A hound skeleton (D:2)
  2 gnolls (D:2)
  2 adders
  An adder skeleton (D:4)
  A worm (D:3)
  4 leopard geckos
  7 orcs
  A ball python (D:1)
  6 bats
  2 giant cockroaches
  6 goblins
  A hobgoblin (D:2)
  10 jackals
  5 frilled lizards
  3 kobolds
  7 rats
62 creatures vanquished.

Vanquished Creatures (collateral kills)
  A phantom (D:4)
  A howler monkey (D:4)
  Natasha (D:2)
  A gnoll (D:2)
  A worm (D:2)
  A dart slug (D:2)
  A hobgoblin (D:2)
  A rat (D:3)
8 creatures vanquished.

Grand Total: 70 creatures vanquished

Notes
Turn   | Place    | Note
-------+----------+-------------------------------------------
     0 | D:1      | Kass the Octopode Wizard began the quest for the Orb.
     0 | D:1      | Reached XP level 1. HP: 11/11 MP: 4/4
   139 | D:1      | Reached XP level 2. HP: 11/17 MP: 0/6
   349 | D:1      | Learned a level 2 spell: Call Imp
  1001 | D:2      | Reached XP level 3. HP: 17/21 MP: 7/7
  1325 | D:2      | Reached XP level 4. HP: 27/27 MP: 6/8
  1779 | D:2      | Noticed Natasha
  1798 | D:2      | Killed Natasha
  1984 | D:2      | Learned a level 3 spell: Conjure Flame
  1988 | D:2      | Learned a level 3 spell: Mephitic Cloud
  2339 | D:2      | Noticed Natasha
  2357 | D:2      | Killed Natasha
  2357 | D:2      | Reached XP level 5. HP: 31/31 MP: 0/9
  2689 | D:3      | Noticed a big kobold
  3012 | D:2      | Noticed Natasha
  4035 | D:2      | Killed Natasha
  4121 | D:3      | Killed a big kobold
  4121 | D:3      | Reached skill level 5 in Conjurations
  4556 | D:4      | Noticed a phantom
  4637 | D:4      | Killed a phantom
  4637 | D:4      | Reached skill level 5 in Stealth
  4637 | D:4      | Reached XP level 6. HP: 23/36 MP: 1/10
  4783 | D:4      | Killed from afar by an orc wizard

Skill      XL: |  1  2  3  4  5 |
---------------+----------------+-----
Conjurations   | 2 3 4 5 |  5.5
Stealth        | 3 5 |  5.3
Dodging        | |  2.0
Spellcasting   | |  3.0
Summonings     | |  1.0
Translocations | |  1.0

Action                   |  1- 3 |  4- 6 || total
-------------------------+-------+-------++-------
Melee: Unarmed           |     6 |       ||     6
       Constrict         |     5 |     4 ||     9
       Tentacles         |     2 |       ||     2
       Dagger            |     9 |    15 ||    24
       Spear             |       |    28 ||    28
 Cast: Magic Dart        |    50 |    97 ||   147
       Call Imp          |     1 |    37 ||    38
       Conjure Flame     |       |     1 ||     1
  Use: Scroll            |       |     3 ||     3
 Stab: Sleeping          |     2 |     5 ||     7
  Eat: Chunk             |     1 |     5 ||     6
       Ration            |       |     2 ||     2
Armor: Skin              |     1 |    19 ||    20
Dodge: Dodged            |     5 |    88 ||    93
